 Dungeon Crawl Stone Soup version 0.19.0-23-gf02e663 (webtiles) character file.

2363 feblizz the Cleaver (level 9, 0/78 HPs)
             Began as a Hill Orc Fighter on Nov 17, 2016.
             Was a Believer of Beogh.
             Succumbed to a killer bee's poison
             ... on level 8 of the Dungeon on Nov 20, 2016.
             The game lasted 00:58:49 (11216 turns).

feblizz the Cleaver (Hill Orc Fighter)             Turns: 11216, Time: 00:58:49

Health: 0/78       AC: 19    Str: 22    XL:     9   Next: 44%
Magic:  9/9        EV:  6    Int:  8    God:    Beogh [**....]
Gold:   286        SH: 10    Dex:  8    Spells: 0 memorised, 8 levels left

rFire  . . .     SeeInvis +     a - +0 war axe
rCold  . . .     Gourm    .     n - +1 plate armour
rNeg   . . .     Faith    .     c - +0 shield
rPois  .         Spirit   .     y - +1 helmet
rElec  .         Reflect  .     B - +0 cloak
rCorr  .         Harm     .     (no gloves)
MR     .....                    (no boots)
Stlth  ..........               h - amulet of magic regeneration
                                (no ring)
                                o - ring of see invisible

@: lethally poisoned (0 -> -5)
A: molten scales 1, clumsy 1, sturdy frame 1
a: Smiting, Renounce Religion


You were on level 8 of the Dungeon.
You worshipped Beogh.
Beogh was pleased with you.
You were hungry.

You visited 2 branches of the dungeon, and saw 9 of its levels.

You collected 466 gold pieces.
You spent 180 gold pieces at shops.

Inventory:

Hand Weapons
 a - a +0 war axe (weapon)
 x - a +0 battleaxe
Armour
 c - a +0 shield (worn)
 n - a +1 plate armour (worn)
 v - a +1 scale mail of poison resistance
 y - a +1 helmet (worn)
 B - a +0 cloak (worn)
Magical Staves
 z - an uncursed staff of death
Jewellery
 g - an uncursed amulet of harm
 h - an amulet of magic regeneration (around neck)
 o - a ring of see invisible (left hand)
Wands
 w - a wand of acid (4/15)
Scrolls
 b - a scroll of amnesia
 d - 2 scrolls of noise
 i - 3 scrolls of remove curse
 k - 3 scrolls of identify
 t - a scroll of random uselessness
 A - a scroll of fear
Potions
 l - 3 potions of heal wounds
 m - 4 potions of curing
 r - a potion of resistance
 s - a potion of haste
 C - a potion of flight
Books
 D - a book of Cantrips

   Spells                             Type                      Level
   a - Confusing Touch                Hexes                        1
   b - Animate Skeleton               Necromancy                   1
   c - Summon Small Mammal            Summoning                    1
   d - Apportation                    Translocation                1
Comestibles
 f - 10 bread rations
 j - a royal jelly
 p - 4 fruits


   Skills:
 + Level 6.6 Fighting
 + Level 10.6 Axes
 + Level 7.1 Armour
 - Level 0.5 Dodging
 + Level 7.2 Shields


You had 8 spell levels left.
You didn't know any spells.

Dungeon Overview and Level Annotations

Branches:
Dungeon (8/15)             Temple (1/1) D:7
   Lair: D:8-11

Altars:
Ashenzari
Cheibriados
Dithmenos
Elyvilon
Fedhas
Gozag
Kikubaaqudgha
Makhleb
Nemelex Xobeh
Okawaru
Qazlal
Sif Muna
Trog
Uskayaw
Vehumet
Xom
Yredelemnul
Zin

Shops:
D:5 =


Innate Abilities, Weirdness & Mutations

You are partially covered in molten scales. (AC +2)
You are clumsy. (Dex -2)
Your movements are slightly less encumbered by armour. (ER -2)


Message History

The killer bee stings you but does no damage.
You miss the crimson imp.
The crimson imp is heavily wounded.
You closely miss the killer bee.
You feel sick. The killer bee stings you!
* * * LOW HITPOINT WARNING * * *
You block the crimson imp's attack. The killer bee stings you!
* * * LOW HITPOINT WARNING * * *
You are lethally poisoned!
The killer bee poisons you!
As you read the scroll of immolation, it crumbles to dust.
The creatures around you are filled with an inner flame!
The killer bee stings you.
* * * LOW HITPOINT WARNING * * *
The crimson imp spits at you.
The crimson imp hits you but does no damage.
The killer bee barely misses you.
You hit the crimson imp but do no damage.
The crimson imp is moderately wounded.
You closely miss the killer bee.
You die...

##### ......####
...# .......<..
###.### ......####
.....# #.#... #
##.#.## ##.### #
######.....#######
##...########
#......#.#.....yy#
#............
#.####.....#####y#
#.... #### #.#
##.#.## #@# #.#.# #
#.#####.#.# #5#
#.#.#########
y........?.
.#.####..^.........
........#.##
..........#########
#^#######.#
##.####..## #.## .
.........# ...# ##
##...##.## #..#
###.##.# #..#
#.##.#


You could see 3 killer bees and a crimson imp (inner flame).

Vanquished Creatures
  A hippogriff (D:7)
  A spriggan (D:7)
  A water moccasin (D:6)
  3 orc warriors
  3 phantoms
  4 ogres
  A centaur (D:6)
  2 bullfrogs
  2 scorpions
  A crimson imp (D:5)
  3 hounds
  An iguana (D:6)
  Jessica (D:2)
  5 worker ants
  7 orc wizards
  A hound skeleton (D:5)
  11 adders
  2 shadow imps
  An adder zombie (D:5)
  5 worms
  6 dart slugs
  A leopard gecko (D:5)
  24 orcs
  3 bat zombies (D:4)
  3 giant cockroaches
  13 goblins
  11 hobgoblins
  6 kobolds
  4 quokkas
  5 ball pythons
  6 bats
  6 frilled lizards
  A leopard gecko zombie (D:5)
  2 quokka skeletons
  A quokka zombie (D:5)
  3 rats
  A spectral orc (D:5)
  A plant (Temple)
153 creatures vanquished.

Vanquished Creatures (others)
  An orc wizard (D:3)
  A worm (D:3)
  A leopard gecko (D:3)
  An orc (D:3)
  2 bats (D:3)
  A kobold (D:3)
  A rat (D:3)
8 creatures vanquished.

Grand Total: 161 creatures vanquished

Notes
Turn   | Place    | Note
-------+----------+-------------------------------------------
     0 | D:1      | feblizz the Hill Orc Fighter began the quest for the Orb.
     0 | D:1      | Reached XP level 1. HP: 19/19 MP: 1/1
   119 | D:1      | You fall through a shaft!
   140 | D:2      | Reached XP level 2. HP: 23/27 MP: 2/2
   244 | D:2      | Reached skill level 3 in Axes
   256 | D:2      | HP: 1/27 [worm (6)]
   426 | D:2      | Noticed Jessica
   431 | D:2      | Killed Jessica
   431 | D:2      | Reached XP level 3. HP: 19/33 MP: 3/3
   728 | D:1      | Reached XP level 4. HP: 35/40 MP: 4/4
  1391 | D:2      | Found a shimmering altar of Xom.
  2115 | D:3      | Reached skill level 4 in Axes
  2219 | D:3      | Found a shadowy altar of Dithmenos.
  2227 | D:3      | Became a worshipper of Beogh the Brigand
  2323 | D:3      | Found a blossoming altar of Fedhas.
  2466 | D:3      | Found a shadowy altar of Dithmenos.
  2470 | D:3      | Reached XP level 5. HP: 46/46 MP: 5/5
  3230 | D:4      | Found an ancient bone altar of Kikubaaqudgha.
  3288 | D:4      | Found a shattered altar of Ashenzari.
  3389 | D:4      | Found a radiant altar of Vehumet.
  3406 | D:4      | Reached skill level 5 in Axes
  3525 | D:4      | Reached XP level 6. HP: 21/53 MP: 6/6
  3644 | D:4      | Noticed a phantom
  6678 | D:4      | Killed a phantom
  6678 | D:4      | Reached skill level 5 in Shields
  6871 | D:4      | Reached skill level 5 in Armour
  6914 | D:4      | Reached skill level 6 in Axes
  6914 | D:4      | Reached XP level 7. HP: 60/60 MP: 7/7
  7315 | D:5      | Entered Level 5 of the Dungeon
  7470 | D:5      | Gained mutation: You are clumsy. (Dex -2) [potion of mutation]
  7470 | D:5      | Gained mutation: You are partially covered in molten scales. (AC +2) [potion of mutation]
  7470 | D:5      | Gained mutation: Your movements are slightly less encumbered by armour. (ER -2) [potion of mutation]
  7604 | D:5      | Found Roirharuba's Jewellery Shop.
  7618 | D:5      | Bought an uncursed ring of see invisible for 180 gold pieces
  7684 | D:5      | Found a basalt altar of Yredelemnul.
  7768 | D:5      | Found a glowing silver altar of Zin.
  7868 | D:5      | Reached * piety under Beogh
  8184 | D:6      | Reached skill level 7 in Axes
  8250 | D:6      | Reached skill level 5 in Fighting
  8250 | D:6      | Reached XP level 8. HP: 43/68 MP: 8/8
  8314 | D:6      | Reached skill level 8 in Axes
  8507 | D:6      | Found a bloodstained altar of Trog.
  9078 | D:6      | Reached skill level 9 in Axes
  9251 | D:7      | Noticed a hippogriff
  9271 | D:7      | Killed a hippogriff
  9587 | D:7      | Reached XP level 9. HP: 33/75 MP: 9/9
  9624 | D:7      | Reached skill level 10 in Axes
  9757 | D:7      | Reached ** piety under Beogh
 10013 | D:7      | Found a basalt altar of Yredelemnul.
 10029 | D:7      | Found a staircase to the Ecumenical Temple.
 10061 | Temple   | Entered the Ecumenical Temple
 10529 | D:7      | Found an iron altar of Okawaru.
 10957 | D:8      | Upgraded the game from 0.19.0-20-gbc5f0c6 to 0.19.0-23-gf02e663
 11215 | D:8      | HP: 1/78 [killer bee (3)]
 11216 | D:8      | Succumbed to a killer bee's poison

Skill      XL: |  1  2  3  4  5  6  7  8  9 |
---------------+----------------------------+-----
Axes           | 3 4 5 6 7 9 10 | 10.6
Fighting       | 4 5 6 |  6.6
Shields        | 4 5 6 7 |  7.2
Armour         | 4 5 6 7 |  7.1
Dodging        | |  0.5

Action                   |  1- 3 |  4- 6 |  7- 9 || total
-------------------------+-------+-------+-------++-------
Melee: War axe           |    76 |   263 |   427 ||   766
Invok: Convert to Beogh  |       |     1 |       ||     1
       Smiting           |       |       |     1 ||     1
  Use: Scroll            |       |     9 |    10 ||    19
       Potion            |       |       |     9 ||     9
  Eat: Bread ration      |       |     2 |       ||     2
       Meat ration       |       |     2 |     2 ||     4
       Chunk             |       |       |     2 ||     2
       Fruit             |       |       |     1 ||     1
       Beef jerky        |       |       |     1 ||     1
Armor: Scale mail        |    52 |    95 |       ||   147
       Plate armour      |       |    59 |   232 ||   291
       Skin              |       |       |    40 ||    40
Dodge: Dodged            |    31 |    64 |    79 ||   174
Block: Shield            |    59 |   171 |   235 ||   465
